Map: Snowy Mesa

Players

Vishalisk

  • Race: Zerg Zerg
  • Spawn Location: 6:00

Vivi

  • Race: Terran Terran
  • League: Gold
  • Spawn Location: 6:00

Yata - Winner!

  • Race: Zerg Zerg
  • League: Silver
  • Spawn Location: 12:00

Myhome - Winner!

  • Race: Terran Terran
  • League: Diamond
  • Spawn Location: 12:00

VOD

Have the link to the VOD?

Description

Time

  • Played on: Aug. 26, 2017, 7:38 p.m.
  • Length: 9:08
Show
View Real Time Build Order
Export as new Build Order

Vishalisk Zerg 

Build Orders: Hatch First 

Get SALT Encoding   

  12  0:01  Drone  
  13  0:07  Drone  
  14  0:17  Overlord  
  14  0:25  Extractor, Drone  
  17  0:35  Drone x2  
  17  0:54  Hatchery  
  16  0:57  Drone  
  16  1:01  Extractor, Drone  
  17  1:17  Spawning Pool  
  16  1:20  Drone  
  17  1:25  Drone  
  17  1:27  Drone  
  19  1:38  Drone  
  20  1:48  Drone  
  21  2:09  Queen  
  21  2:10  Queen  
  21  2:12  Metabolic Boost  
  21  2:14  Zergling x6  
  28  2:21  Overlord  
  28  3:09  Lair  
  28  3:11  Roach Warren  
  27  3:14  Extractor, Spore Crawler  
  27  3:15  Drone x3  
  27  3:16  Drone x3  
  27  3:19  Queen  
  33  3:20  Drone x3  
  36  3:32  Overlord  
  36  3:41  Overlord  
  36  4:20  Drone x3  
  36  4:22  Roach x3  
  45  4:31  Roach x2  
  45  4:35  Spore Crawler  
  48  4:40  Glial Reconstitution  
  48  4:44  Hatchery  
  47  4:46  Evolution Chamber  
  47  4:50  Evolution Chamber  
  45  5:07  Ravager x3  
  48  5:27  Overlord x3  
  49  5:45  Roach  
  49  5:46  Roach x7  
  64  5:53  Extractor x2  
  62  6:08  Overlord  
  62  6:13  Zerg Missile Weapons Level 1  
  62  6:17  Drone x3  
  62  6:18  Drone x2  
  67  6:23  Drone x4  
  69  6:46  Roach  
  69  6:47  Roach x5  
  79  7:02  Queen  
  81  7:12  Roach  
  81  7:13  Spore Crawler  
  81  7:14  Overlord  
  81  7:15  Overlord  
  82  7:16  Drone x2  
  84  7:36  Roach x4  
  92  7:39  Hatchery, Ravager  
  92  7:40  Ravager  
  93  7:56  Drone x4  
  97  8:05  Overlord  
  97  8:18  Roach  
  99  8:29  Roach x4  
Show
View Real Time Build Order
Export as new Build Order

Vivi Terran 

Build Orders:  

Get SALT Encoding   

  12  0:01  SCV  
  13  0:13  SCV  
  14  0:18  Supply Depot  
  14  0:25  SCV  
  15  0:39  SCV  
  15  0:41  Barracks  
  16  0:48  Refinery  
  16  0:51  SCV  
  17  1:04  SCV  
  18  1:07  Supply Depot  
  18  1:16  SCV  
  19  1:28  SCV  
  20  1:37  Barracks  
  20  1:40  SCV  
  21  1:48  Reaper  
  21  1:51  Refinery  
  22  2:01  Orbital Command  
  21  2:24  Command Center  
  21  2:44  SCV  
  22  2:52  Marine x2  
  22  2:56  SCV  
  22  2:57  Factory  
  24  3:10  Marine x2  
  26  3:21  SCV, Engineering Bay  
  27  3:28  Barracks Tech Lab  
  27  3:33  SCV  
  28  3:40  Barracks Reactor  
  28  3:42  Factory Tech Lab  
  28  3:50  Marine  
  29  3:56  Starport  
  29  4:04  SCV  
  29  4:06  Siege Tank  
  29  4:08  Marine  
  34  4:16  SCV  
  35  4:20  Terran Infantry Weapons Level 1  
  35  4:26  Armory, SCV, Marine  
  35  4:28  SCV  
  38  4:32  Starport Reactor  
  38  4:34  Supply Depot, Stimpack  
  38  4:38  SCV  
  38  4:40  SCV  
  39  4:58  Marine x3  
  42  5:15  Marine x2  
  44  5:23  Siege Tank  
  47  5:36  SCV x2  
  49  5:47  Marine  
  49  5:48  SCV, Marine x2  
  54  5:55  Orbital Command, Command Center  
  53  6:06  Supply Depot  
  53  6:08  Supply Depot  
  53  6:15  Supply Depot, Refinery  
  53  6:17  Refinery  
  53  6:21  Missile Turret  
  53  6:28  Medivac x2, Siege Tank  
  58  6:37  SCV  
  58  6:38  SCV  
  60  6:50  SCV x2  
  59  7:02  SCV x2  
  61  7:14  SCV x2  
  63  7:26  Marine x3, SCV x2  
  68  7:35  Barracks  
  68  7:38  SCV x2  
  68  7:39  Barracks  
  68  7:41  Barracks  
  70  7:44  Marine  
  70  7:45  Barracks  
  70  7:47  Factory  
  70  7:50  SCV x2  
  70  7:51  Starport  
  73  7:57  Engineering Bay  
  73  8:08  Marine x2  
  73  8:09  Marine  
  76  8:22  Command Center  
  76  8:27  Marine x2  
  78  8:36  Supply Depot  
  78  8:41  Marine  
  78  8:43  Marine x2  
  78  8:44  Marine  
  78  8:45  Marine x2  
Show
View Real Time Build Order
Export as new Build Order

Yata Zerg - Winner!

Build Orders: Hatch First 

Get SALT Encoding   

  12  0:01  Drone  
  13  0:08  Drone  
  14  0:17  Overlord  
  14  0:35  Drone x2  
  16  0:37  Drone  
  17  0:57  Drone  
  17  0:59  Drone  
  17  1:02  Hatchery  
  18  1:09  Drone  
  19  1:11  Extractor  
  19  1:17  Spawning Pool  
  17  1:20  Drone  
  18  1:29  Drone  
  19  1:42  Overlord  
  19  1:54  Drone  
  20  2:02  Drone  
  20  2:04  Queen  
  23  2:14  Queen  
  23  2:15  Zergling x4  
  27  2:23  Metabolic Boost  
  27  2:27  Drone x2  
  29  2:35  Baneling Nest  
  28  2:50  Drone x3  
  28  2:51  Drone  
  32  3:05  Drone x2  
  34  3:07  Overlord  
  34  3:20  Overlord x3  
  34  3:25  Queen  
  36  3:38  Queen  
  38  3:41  Drone x2  
  38  3:42  Drone x4  
  38  3:47  Evolution Chamber  
  44  3:48  Drone  
  43  4:05  Zergling x8  
  43  4:06  Zergling x2  
  47  4:18  Lair  
  47  4:21  Extractor  
  47  4:23  Roach Warren, Drone  
  47  4:24  Drone x2  
  48  4:45  Drone x3  
  51  5:02  Zergling x2  
  51  5:03  Zergling x16  
  60  5:24  Zerg Missile Weapons Level 1  
  60  5:25  Glial Reconstitution  
  60  5:28  Overlord  
  60  5:29  Overlord x4  
  59  6:07  Hatchery  
  58  6:12  Roach x8  
  58  6:13  Roach  
  74  6:31  Roach  
  74  6:32  Roach x5  
  75  7:05  Roach x7  
  75  7:06  Roach  
  91  7:14  Overlord x3  
  91  7:25  Drone  
  91  7:26  Drone x6  
  98  7:35  Extractor  
  98  7:36  Extractor  
  98  7:37  Drone x2  
  98  7:45  Ravager x3  
  98  7:47  Roach x2  
  105  8:02  Roach  
  105  8:03  Roach x3  
  113  8:30  Overlord x2  
  113  8:31  Overlord x3  
Show
View Real Time Build Order
Export as new Build Order

Myhome Terran - Winner!

Build Orders: Reaper Expand, MMM Bio 

Get SALT Encoding   

  12  0:02  SCV  
  13  0:14  SCV  
  14  0:17  Supply Depot  
  14  0:26  SCV  
  15  0:39  SCV  
  15  0:40  Barracks  
  16  0:45  Refinery  
  16  0:54  SCV  
  17  1:06  SCV  
  18  1:18  SCV  
  19  1:28  Supply Depot  
  19  1:30  Reaper  
  19  1:31  Orbital Command  
  20  1:50  Command Center  
  20  2:01  SCV  
  21  2:09  Barracks Reactor  
  21  2:11  Barracks  
  21  2:17  SCV  
  22  2:25  Factory  
  22  2:30  SCV  
  23  2:41  Refinery  
  23  2:44  Barracks  
  23  3:07  SCV  
  23  3:08  Orbital Command  
  23  3:12  Marine x2  
  25  3:13  Barracks Tech Lab  
  26  3:20  Supply Depot  
  26  3:23  SCV  
  26  3:25  Starport  
  27  3:34  SCV, Engineering Bay  
  27  3:35  SCV  
  27  3:36  Marine x2  
  27  3:39  Stimpack  
  31  3:46  SCV, Factory Tech Lab  
  31  3:47  Marine x2  
  34  3:49  SCV  
  35  3:58  SCV  
  35  4:02  SCV  
  36  4:11  SCV  
  36  4:13  Barracks Reactor, Marine x3  
  36  4:14  SCV  
  41  4:26  Refinery  
  41  4:27  Refinery, SCV x2  
  43  4:31  Marauder  
  43  4:33  Barracks  
  43  4:36  Marine x2  
  43  4:37  Barracks  
  47  4:39  Supply Depot, SCV x2  
  47  4:41  Medivac  
  51  4:54  Marine  
  51  4:55  Marine x2  
  54  5:00  Marine  
  54  5:01  Marauder  
  54  5:02  Supply Depot  
  54  5:03  Supply Depot, SCV  
  54  5:05  SCV  
  59  5:21  Marine x4  
  60  5:24  Marine x2  
  60  5:25  SCV x2  
  66  5:30  Marine  
  67  5:37  SCV x2  
  67  5:38  Marine  
  67  5:42  Marine x4, Marauder  
  76  5:44  Combat Shields  
  76  5:48  Starport Reactor, Marine  
  77  5:55  SCV  
  78  5:58  Supply Depot  
  78  6:01  Supply Depot  
  78  6:12  Barracks Reactor  
  78  6:19  Siege Tank, SCV x2, Marine x3  
  78  6:23  Supply Depot  
  78  6:24  Supply Depot, Barracks Reactor  
  86  6:26  Medivac x2  
  86  6:30  Terran Infantry Weapons Level 1  
  86  6:31  SCV x2  
  92  6:37  Engineering Bay  
  92  6:38  Marine  
  92  6:39  Marine  
  94  6:45  SCV, Marine x3  
  97  6:56  Medivac, Marine  
  97  7:05  Marine x5  
  97  7:06  Marine x3  
  97  7:07  SCV x2  
  101  7:14  Marine  
  101  7:15  Medivac, Siege Tank  
  104  7:20  Command Center  
  107  7:23  SCV  
  107  7:24  SCV  
  109  7:36  SCV  
  110  7:48  Supply Depot  
  110  7:49  Supply Depot  
  110  7:51  Supply Depot  
  110  7:59  Command Center  
  110  8:01  Armory  
  110  8:10  SCV, Marine x7  
  110  8:11  Medivac, Marine x2  
  122  8:23  Medivac  
  122  8:24  Siege Tank  
  127  8:28  Marine x7  
  127  8:32  Marine x2  
  131  8:45  Marine x3  
  131  8:46  Marine x4  
  125  8:50  Marine x2  
  125  8:52  SCV x2  
  125  8:53  SCV  
Tags
 
Add a new tag
Caveats
  • Supply blocks, unpowered buildings, or Contaminate may cause inaccurate times.
  • Supply counts are checked every 10 seconds.